 Dungeon Crawl Stone Soup version 0.26-a0-651-gb41185065b (webtiles) character file.

Game seed: 550054550375077470

7583 tof the Fighter (level 10, 0/96 HPs)
             Began as a Minotaur Berserker on Sept 30, 2020.
             Was a High Priest of Trog.
             Slain by a gnoll sergeant
             ... wielding a +0 spear
              (8 damage)
             ... on level 10 of the Dungeon.
             The game lasted 00:31:20 (10828 turns).

tof the Fighter (Minotaur Berserker)               Turns: 10828, Time: 00:31:20

Health: 0/96       AC: 13    Str: 26    XL:     10   Next: 97%
Magic:  3/3        EV: 18    Int:  4    God:    Trog [*****.]
Gold:   611        SH:  0    Dex:  9    Spells: 9/9 levels left

rFire    + . .     SeeInvis .   R - +3 hand axe (antimagic)
rCold    + . .     Faith    .   (no shield)
rNeg     . . .     Spirit   .   c - +0 troll leather armour
rPois    .         Reflect  .   H - +2 hat
rElec    .         Harm     .   B - scarf {rC+ rF+}
rCorr    .         Rampage  .   A - +0 pair of gloves
MR       ++...                  (no boots)
Stlth    +.........             L - amulet of regeneration
HPRegen  2.06/turn              b - +4 ring of evasion
MPRegen  0.08/turn              I - +4 ring of protection

@: berserk cooldown, regenerating, slowed, lightly drained, very slow
A: retaliatory headbutt, horns 2
a: Berserk, Trog's Hand, Brothers in Arms, Renounce Religion


You were on level 10 of the Dungeon.
You worshipped Trog.
Trog was extremely pleased with you.
You visited 2 branches of the dungeon, and saw 11 of its levels.

You collected 611 gold pieces.

Inventory:

Hand Weapons
 a - a +0 hand axe
 R - a +3 antimagic hand axe (weapon)
Missiles
 p - 5 throwing nets (quivered)
Armour
 c - a +0 troll leather armour (worn)
 A - a +0 pair of gloves (worn)
 B - a scarf of resistance (worn)
 H - a +2 hat (worn)
 S - a +2 chain mail of fire resistance
Jewellery
 b - a +4 ring of evasion (left hand)
 d - an uncursed ring of flight
 r - a +4 ring of protection
 y - an uncursed ring of positive energy {unknown}
 I - a +4 ring of protection (right hand)
 L - an amulet of regeneration (around neck)
Wands
 k - a wand of random effects (19)
 u - a wand of acid (21)
 E - a wand of enslavement (9)
 K - a wand of flame (18)
 M - a wand of paralysis (6)
Scrolls
 g - 12 scrolls of remove curse
 h - 7 scrolls of teleportation
 i - a scroll of vulnerability {unknown}
 j - 7 scrolls of enchant weapon
 m - 2 scrolls of blinking {unknown}
 n - 2 scrolls of immolation {unknown}
 o - 3 scrolls of magic mapping {unknown}
 v - 3 scrolls of fog {unknown}
 F - a scroll of amnesia {unknown}
 O - a scroll of acquirement {unknown}
 P - a scroll of fear {unknown}
Potions
 e - a potion of lignification
 l - 3 potions of ambrosia
 q - a potion of haste
 s - 4 potions of curing
 t - a potion of might
 w - 3 potions of flight
 x - 3 potions of stabbing
 z - a potion of heal wounds {unknown}
 C - a potion of cancellation {unknown}
 D - 2 potions of magic {unknown}
 G - 2 potions of mutation {unknown}
 J - 2 potions of degeneration {unknown}
 N - a potion of brilliance {unknown}
 Q - a potion of berserk rage {unknown}
 T - a potion of invisibility {unknown}


   Skills:
 + Level 11.2(11.1) Fighting
 + Level 11.1 Axes
 + Level 10.8(10.7) Armour
 + Level 5.7 Dodging
 + Level 4.2 Evocations


You had 9 spell levels left.
You didn't know any spells.
Your spell library contained the following spells:

 Spells                   Type           Power        Failure   Level
 Beastly Appendage        Tmut           #.....       54%         1
 Magic Dart               Conj           #...         54%         1
 Shock                    Conj/Air       #...         54%         1
 Summon Small Mammal      Summ           #...         54%         1
 Call Imp                 Summ           #.......     67%         2
 Swiftness                Air            #.......     67%         2
 Wereblood                Tmut           #.......     67%         2
 Call Canine Familiar     Summ           #.......     88%         3
 Spider Form              Tmut/Pois      #.........   88%         3
 Static Discharge         Conj/Air       #.......     88%         3
 Summon Guardian Golem    Hex/Summ       #.......     88%         3
 Airstrike                Air            #.........   99%         4
 Ice Form                 Ice/Tmut       #.......     99%         4
 Summon Ice Beast         Ice/Summ       #.......     99%         4
 Summon Lightning Spire   Summ/Air       #.......     99%         4
 Blade Hands              Tmut           #.........   100%        5
 Lightning Bolt           Conj/Air       #.........   100%        5


Dungeon Overview and Level Annotations

Branches:
Dungeon (10/15)            Temple (0/1) D:5            Lair (1/6) D:8
    Orc (0/2) D:9

Altars:
Dithmenos
Elyvilon
Fedhas
Gozag
Hepliaklqana
Kikubaaqudgha
Ru
Sif Muna
Trog
Vehumet
Wu Jian
Xom
The Shining One

Shops:
D:4 }

Annotations:
D:3 scroll, in glass
D:10 Fannar, Snorg


Innate Abilities, Weirdness & Mutations

You reflexively headbutt those who attack you in melee.
You have a pair of horns on your head.


Message History

Snorg barely misses you. Snorg misses you. Fannar hits you but does no damage.
You feel better. Snorg completely misses you. You furiously retaliate!
You headbutt Snorg! Snorg claws you.
* * * LOW HITPOINT WARNING * * *
Snorg barely misses you. The gnoll sergeant closely misses you.
Snorg bites you!
* * * LOW HITPOINT WARNING * * *
Snorg barely misses you. Snorg claws you but does no damage.
The gnoll sergeant closely misses you.
Your troll goes berserk!
Snorg bites you but does no damage. Snorg barely misses you.
Snorg claws you but does no damage. Snorg completely misses you.
Snorg barely misses you. x2
The gnoll sergeant completely misses you.
The ice beast completely misses you.
You slash the ice beast! Your headbutt misses the ice beast.
The ice beast is moderately wounded.
You hit Snorg. Snorg completely misses you. Snorg barely misses you. x2
The gnoll sergeant hits you from afar with a +0 spear!
You die...

#..# #..#
#..# #..#
#..# ####
#e. #....
#Y## #.....
#@.# #.o..8.
#TT##gg8....
#..gg.......
#..##g.8....
#..# #....8.
#.## #.....
#..# #....
#..# ####
#.##


You could see Snorg (berserk), Fannar (icy armour), an ice beast (summoned), a
gnoll sergeant, 2 gnolls and a friendly troll (summoned, berserk).

Vanquished Creatures
  Pikel (D:6)
  Maurice (D:10)
  The ghost of Lanoc the Sneak, a novice NaDe of Hepliaklqana (D:5)
  A cane toad (D:8)
  A troll (D:10)
  A hippogriff (D:10)
  5 yaks (D:10)
  Grum (Lair:1)
  2 wargs (D:8)
  A hornet zombie (D:9)
  2 orc warriors
  A sky beast (D:9)
  2 necrophages (D:8)
  2 ice beasts
  6 ogres
  4 wolves (Lair:1)
  3 centaurs
  A crocodile (Lair:1)
  A lemure (D:6)
  6 bullfrogs
  A gnoll sergeant (D:3)
  A scorpion (D:7)
  3 killer bees (D:8)
  6 wights
  2 howler monkeys (D:9)
  A bullfrog zombie (D:10)
  2 centaur zombies (D:8)
  2 jellies
  5 orc priests
  7 hounds
  4 gnoll shamans (D:3)
  14 orc wizards
  3 worker ants
  A hound zombie (D:7)
  2 hound skeletons
  2 howler monkey zombies
  A worker ant zombie (D:5)
  2 howler monkey skeletons
  9 adders
  42 gnolls
  A river rat (D:5)
  A shadow imp (D:10)
  2 white imps
  An ooze (D:3)
  A worm (D:3)
  3 dart slugs
  9 leopard geckos
  46 orcs
  2 ball pythons
  3 giant cockroaches
  16 hobgoblins
  18 jackals
  15 kobolds
  3 quokkas
  8 bats
  7 frilled lizards
  20 goblins
  A jackal skeleton (D:4)
  4 rats
314 creatures vanquished.

Vanquished Creatures (others)
  8 fungi
  5 plants
13 creatures vanquished.

Grand Total: 327 creatures vanquished

Notes
Turn   | Place    | Note
-------+----------+-------------------------------------------
     0 | D:1      | tof the Minotaur Berserker began the quest for the Orb.
     0 | D:1      | Reached XP level 1. HP: 19/19 MP: 0/0
   304 | D:1      | Reached XP level 2. HP: 27/27 MP: 1/1
   552 | D:1      | Reached ** piety under Trog
   555 | D:1      | Reached XP level 3. HP: 33/33 MP: 2/2
  1705 | D:3      | Reached XP level 4. HP: 41/41 MP: 3/3
  1717 | D:3      | Found a sacrificial altar of Ru.
  2080 | D:3      | Reached *** piety under Trog
  2223 | D:3      | Found a shimmering altar of Xom.
  2267 | D:3      | Reached skill level 5 in Fighting
  2267 | D:3      | Reached XP level 5. HP: 37/48 MP: 4/4
  2368 | D:3      | Reached skill level 5 in Axes
  3169 | D:3      | Reached XP level 6. HP: 52/56 MP: 5/5
  3263 | D:3      | Reached skill level 5 in Armour
  3503 | D:3      | Reached XP level 7. HP: 59/63 MP: 6/6
  3534 | D:3      | Reached **** piety under Trog
  3760 | D:4      | Found an opulent altar of Gozag.
  3761 | D:4      | Found Fimpil's Gadget Emporium.
  5093 | D:5      | Entered Level 5 of the Dungeon
  5209 | D:5      | Found a runed translucent door.
  5395 | D:5      | Found a staircase to the Ecumenical Temple.
  5418 | D:5      | Found a runed translucent door.
  5963 | D:5      | Noticed Lanoc's ghost (novice NaDe)
  6022 | D:5      | Killed Lanoc's ghost
  6022 | D:5      | Reached XP level 8. HP: 74/74 MP: 7/7
  6254 | D:6      | Found a white marble altar of Elyvilon.
  6352 | D:6      | Found a shadowy altar of Dithmenos.
  6353 | D:6      | Found a blossoming altar of Fedhas.
  6353 | D:6      | Found an ornate altar of the Wu Jian Council.
  6354 | D:6      | Found a bloodstained altar of Trog.
  6354 | D:6      | Found a glowing golden altar of the Shining One.
  6584 | D:6      | Noticed Pikel
  6595 | D:6      | Killed Pikel
  6595 | D:6      | Reached XP level 9. HP: 75/83 MP: 8/8
  6659 | D:6      | Found a radiant altar of Vehumet.
  6661 | D:6      | Identified Vehumet's Incunabulum of Confrontation
  6664 | D:6      | Found an ancient bone altar of Kikubaaqudgha.
  6665 | D:6      | Found a shimmering blue altar of Sif Muna.
  7593 | D:8      | Reached ***** piety under Trog
  7684 | D:8      | Found a staircase to the Lair.
  7738 | D:8      | Reached skill level 1 in Evocations
  8094 | D:8      | Found a hazy altar of Hepliaklqana.
  8314 | Lair:1   | Entered Level 1 of the Lair of Beasts
  8314 | Lair:1   | Noticed a cane toad
  8332 | D:8      | Killed a cane toad
  8332 | D:8      | Reached skill level 10 in Fighting
  8332 | D:8      | Reached skill level 10 in Axes
  8713 | D:8      | Received a gift from Trog
  8750 | D:8      | Reached XP level 10. HP: 67/93 MP: 3/9
  8870 | D:9      | Found a staircase to the Orcish Mines.
  9113 | D:9      | Reached skill level 10 in Armour
  9785 | D:10     | Entered Level 10 of the Dungeon
  9850 | D:10     | Noticed Maurice
  9864 | D:10     | Killed Maurice
 10106 | D:10     | Reached skill level 5 in Dodging
 10335 | Lair:1   | Noticed Grum
 10350 | Lair:1   | Killed Grum
 10546 | Lair:1   | Noticed a six-headed hydra
 10794 | D:10     | Noticed Fannar
 10811 | D:10     | Noticed Snorg
 10826 | D:10     | HP: 3/96 [Snorg (16)]
 10828 | D:10     | Slain by a gnoll sergeant

Illustrated notes

Levels and vault maps discovered:
D:1:      dpeg_arrival_central, layout_basic, grunt_decor_arrowhead,
          minmay_misc_feat_nine_boxes, minmay_pentomino_x4
D:2:      layout_loops_ring
D:3:      lemuel_castle_with_subvaults [lemuel_castle_interior_carwin_1],
          layout_basic, lemuel_crystal_altar, hangedman_ru_absence, minivault_4,
          item_on_display_a
D:4:      layout_basic, nicolae_gozag_seed_capital, serial_shops,
          nicolae_shop_window_shopping
D:5:      layout_gridville, minmay_temple_entry_mist, ebering_ghost_sewer_f
D:6:      lemuel_ice_spiral_2, layout_rooms,
          grunt_temple_overflow_magic_moments, overflow_temple_1_default,
          grunt_temple_overflow_open, uniq_pikel
D:7:      layout_loops_ring
D:8:      corexii_shantytown, layout_basic, lemuel_crystal_altar,
          dpeg_oklobed_lair
D:9:      layout_rooms, erik_orc_4, nicolae_straight_to_the_point
D:10:     kennysheep_ambush_hall, layout_long_grid, uniq_fannar, uniq_maurice,
          uniq_snorg, uniq_joseph
Lair:1:   layout_concentric_octagons, uniq_grum, uniq_maggie

Skill      XL: |  1  2  3  4  5  6  7  8  9 10 |
---------------+-------------------------------+-----
Fighting       | 4 5 6 7 9 10 11 | 11.2
Axes           | 4 5 6 7 9 10 11 | 11.1
Armour         | 3 4 5 7 8 9 10 | 10.8
Evocations     | 2 4 |  4.2
Dodging        | 3 5 |  5.7

Action                   |  1- 3 |  4- 6 |  7- 9 | 10-12 || total
-------------------------+-------+-------+-------+-------++-------
Melee: Hand axe          |    94 |   170 |   377 |   184 ||   825
       Headbutt          |    14 |    35 |    84 |    38 ||   171
Throw: Javelin           |       |       |    14 |    13 ||    27
       Throwing net      |       |       |     1 |     1 ||     2
Invok: Berserk           |       |       |     6 |     6 ||    12
       Trog's Hand       |       |       |       |     1 ||     1
       Brothers in Arms  |       |       |       |     1 ||     1
  Use: Scroll            |     1 |       |       |    12 ||    13
       Potion            |       |       |     1 |     1 ||     2
Armor: Chain mail        |    35 |    70 |    81 |    61 ||   247
       Animal skin       |     4 |       |       |       ||     4
       Plate armour      |       |       |    52 |    25 ||    77
       Troll leather arm |       |       |       |    19 ||    19
Dodge: Dodged            |    77 |   171 |   265 |   180 ||   693

Table legend: (Time is in decaauts)
 A = Elapsed time spent in this place.
 B = Non-inter-level travel time spent in this place.
 C = Inter-level travel time spent in this place.
 D = Time resting spent in this place.
 E = Time spent auto-exploring this place.
 F = Levels seen in this place.
 G = Mean time per level.
                   A        B        C        D        E       F      G
               +--------+--------+--------+--------+--------+-----+--------+
         Total |  10896 |  10549 |    347 |   2490 |   5764 |  11 |  990.5 |
       Dungeon |  10571 |  10226 |    345 |   2443 |   5582 |  10 | 1057.1 |
          Lair |    325 |    324 |      1 |     47 |    182 |   1 |  325.0 |
               +--------+--------+--------+--------+--------+-----+--------+

Top non-repeatable levels by time:
     D:3: 1632 daAuts
     D:8: 1421 daAuts
     D:4: 1397 daAuts
     D:2: 1137 daAuts
     D:5: 991 daAuts
     D:1: 973 daAuts
     D:9: 953 daAuts
     D:6: 727 daAuts
     D:7: 719 daAuts
    D:10: 615 daAuts
  Lair:1: 325 daAuts
